 Dungeon Crawl Stone Soup version 0.31.0-32-g396128a36d (webtiles) character file.

Game seed: 8390714812000357998

12 olmar the Apothecary (level 2, 0/19 HPs)
             Began as a Demonspawn Alchemist on Mar 13, 2024.
             Slain by a jackal (3 damage)
             ... on level 1 of the Dungeon.
             The game lasted 00:00:58 (202 turns).

olmar the Apothecary (Demonspawn Alchemist)          Turns: 202, Time: 00:00:58

Health: 0/19       AC:  2    Str:  8    XL:     2   Next: 20%
Magic:  0/5        EV: 12    Int: 15    God:
Gold:   13         SH:  0    Dex: 13    Spells: 4/5 levels left

rFire   . . .        b - +0 dagger (pain)
rCold   . . .        (no shield)
rNeg    . . .        a - +0 robe
rPois   .            (helmet restricted)
rElec   .            (no cloak)
rCorr   .            (no gloves)
SInv    .            (no boots)
Will    .....        (no amulet)
Stlth   ++           (no ring)
HPRegen 0.23/turn    (no ring)
MPRegen 0.09/turn

%: no passive effects
@: no status effects
A: antennae 1
a: no special abilities


You were on level 1 of the Dungeon.
You visited 1 branch of the dungeon, and saw 1 of its levels.

You collected 13 gold pieces.

Inventory:

Hand Weapons
 b - a +0 dagger of pain (weapon)
Armour
 a - a +0 robe (worn)
Scrolls
 c - a scroll of teleportation


   Skills:
 - Level 1.9 Dodging
 - Level 1.7 Stealth
 + Level 2.1 Spellcasting
 + Level 1.1 Conjurations
 + Level 3.4 Alchemy


You had 4 spell levels left.
You knew the following spells:

 Your Spells              Type           Power      Damage    Failure   Level
a - Sting                 Conj/Alch      32%        1d5       9%          1

Your spell library contained the following spells:

 Spells                   Type           Power      Damage    Failure   Level
 Mercury Vapours          Alch/Air       12%        N/A       16%         2
 Mephitic Cloud           Conj/Alch/Air  6%         N/A       34%         3
 Olgreb's Toxic Radiance  Alch           11%        N/A       47%         4
 Sticky Flame             Fire/Alch      6%         2d4       71%         4


Dungeon Overview and Level Annotations

Branches:
Dungeon (1/15)

Altars:


Innate Abilities, Weirdness & Mutations

You have a pair of small antennae on your head.


Message History

Unknown command.
You completely miss the ball python. The ball python closely misses you.
The ball python constricts you.
Unknown command.
You barely miss the ball python. The ball python barely misses you.
The ball python constricts you.
You aren't carrying any items that you can evoke.
You aren't carrying any potions.
Unknown command.
As you read the scroll labelled YXUDURGH XENA, it crumbles to dust.
You feel strangely unstable.
It was a scroll of teleportation.
The ball python bites you. The ball python constricts you.
* * * LOW HITPOINT WARNING * * *
Unknown command.
You closely miss the ball python. The ball python bites you.
* * * LOW HITPOINT WARNING * * *
The ball python constricts you.
* * * LOW HITPOINT WARNING * * *
The ball python bites you but does no damage.
The ball python constricts you.
* * * LOW HITPOINT WARNING * * *
You escape the ball python's grasp.
Your surroundings suddenly seem different. 2 jackals come into view.
The jackal barks!
A jackal comes into view.
A goblin comes into view. It is wielding a +3 dagger.
The jackal barks!
The goblin shouts!
You hear a bark! x3
A jackal comes into view.
You close the door.
A goblin opens the door.
You close the door.
A goblin opens the door.
You close the door.
A goblin opens the door.
Aiming: Sting (safe; 9% risk of failure)
Press: ? - help, Q - select action Shift-Dir - straight line, f - jackal
Aim: a jackal (60% to hit)
The sting hits the jackal but does no damage.
The jackal is poisoned.
A jackal comes into view.
The jackal bites you.
You die...

..##.............#..
..#.................
###.................
. >......#####+#####
.. ###....#...).....#
...
###.)..#.........#
....
.###...#..⌠...⌠..#
....
.......#.........#..#
.#####.'....<...@hgh#
## ###.........#h..h#
#..⌠...⌠..##h..#
#.........# .....
#.........# ...#
#####+##### .##


You could see 5 jackals and a goblin.

Vanquished Creatures
  A dart slug (D:1)
  3 bats (D:1)
  A hobgoblin (D:1)
  A quokka (D:1)
  A ball python (D:1)
  2 kobolds (D:1)
  A rat (D:1)
10 creatures vanquished.

Notes
Turn   | Place    | Note
-------+----------+-------------------------------------------
     0 | D:1      | olmar the Demonspawn Alchemist began the quest for the Orb.
     0 | D:1      | Reached XP level 1. HP: 13/13 MP: 3/3
    37 | D:1      | Gained mutation: You have a pair of small antennae on your
                  | head. [demonic ancestry]
    37 | D:1      | Reached XP level 2. HP: 7/19 MP: 0/5
   202 | D:1      | Slain by a jackal

Illustrated notes

Levels and vault maps discovered:
D:1:      mushboom_english_gardens, layout_rooms

Action                     || total
---------------------------++-------
  Melee: Unarmed           ||    18
         Dagger            ||     4
   Cast: Sting             ||    17
    Use: Potion            ||     1
         Scroll            ||     1
 Armour: Robe              ||    24
  Dodge: Dodged            ||    19
